 Dungeon Crawl Stone Soup version 0.30-a0-121-gb27577e5d9 (webtiles) character file.

Game seed: 1045589934537710929

22673 Newt the Protected (level 12, -10/88 HPs)
             Began as a Demonspawn Gladiator on Sept 14, 2022.
             Was a High Priest of Qazlal.
             Mangled by Rupert
             ... wielding a +3 battleaxe of venom
              (33 damage)
             ... on level 5 of the Lair of Beasts.
             The game lasted 00:16:16 (15090 turns).

Newt the Protected (Demonspawn Gladiator)          Turns: 15090, Time: 00:16:17

Health: -10/88     AC: 20    Str: 30    XL:     12   Next: 65%
Magic:  12/12      EV: 13    Int: 15    God:    Qazlal [*****.]
Gold:   796        SH:  6    Dex: 15    Spells: 10/11 levels left

rFire   . . .      SeeInvis .    s - +4 battleaxe (drain)
rCold   . . .      Faith    .    (shield currently unavailable)
rNeg    . . .      Spirit   .    h - +3 ring mail of the Journeyman {rElec Str+10}
rPois   .          Reflect  .    c - +0 helmet
rElec   +          Harm     .    (no cloak)
rCorr   .          Rampage  .    (no gloves)
Will    .....                    M - +0 pair of boots {Stlth+}
Stlth   +.........               (no amulet)
HPRegen 2.24/turn                y - ring of wizardry
MPRegen 0.13/turn                C - +6 ring of intelligence

@: lethally poisoned (-10 -> -11), protected from physical damage, repel
missiles, unable to read
A: claws 1, ignite blood 2, powered by death 1, sharp scales 3, inability to
read after injury 1
a: Renounce Religion, Upheaval, Elemental Force, Disaster Area


You were on level 5 of the Lair of Beasts.
You worshipped Qazlal.
Qazlal was extremely pleased with you.
You visited 2 branches of the dungeon, and saw 14 of its levels.

You collected 796 gold pieces.

Inventory:

Hand Weapons
 a - a +0 rapier
 i - a +1 long sword of holy wrath
 m - a +1 whip
 s - a +4 battleaxe of draining (weapon)
 A - a +1 vorpal flail
 D - a +2 hammer of protection
 E - a +3 hammer
Missiles
 d - 2 throwing nets (quivered)
 e - 4 javelins
Armour
 b - a +0 leather armour
 c - a +0 helmet (worn)
 g - a +0 pair of boots
 h - the +3 ring mail of the Journeyman (worn) {rElec Str+10}
   (You found it on level 2 of the Dungeon)

   Str:       It affects your strength (+10).
   rElec:     It insulates you from electricity.
 M - a +0 pair of boots of stealth (worn)
 T - +0 swamp dragon scales
 U - a +1 hat
Jewellery
 y - a ring of wizardry (left claw)
 C - a +6 ring of intelligence (right claw)
 K - a ring of flight
 L - a ring of see invisible
 P - a ring of protection from cold
Wands
 u - a wand of flame (21)
 F - a wand of polymorph (3)
 H - a wand of digging (6)
 J - a wand of charming (16)
 R - a wand of light (8)
Scrolls
 j - 7 scrolls of teleportation
 l - 4 scrolls of magic mapping
 o - a scroll of immolation
 p - 4 scrolls of vulnerability
 q - a scroll of poison
 r - 5 scrolls of enchant armour
 v - 3 scrolls of fear
 G - 3 scrolls of identify
Potions
 f - a potion of berserk rage
 k - 6 potions of curing
 n - 3 potions of lignification
 t - 3 potions of flight
 w - 2 potions of invisibility
 x - 2 potions of brilliance
 z - 2 potions of resistance
 B - a potion of degeneration
 I - a potion of cancellation
 N - a potion of haste
 O - 3 potions of heal wounds
 S - a potion of magic
Miscellaneous
 Q - a phantom mirror


   Skills:
 - Level 6.0 Fighting
 - Level 2.6 Short Blades
 - Level 8.5(10.0) Axes
 - Level 8.0(9.7) Maces & Flails
 - Level 1.7 Throwing
 + Level 13.4 Armour
 - Level 5.0 Dodging
 - Level 2.0 Stealth
 - Level 5.0 Evocations


You had 10 spell levels left.
You knew the following spells:

 Your Spells              Type           Power      Damage    Failure   Level
a - Summon Small Mammal   Summ           0%         N/A       14%         1

Your spell library contained the following spells:

 Spells                   Type           Power      Damage    Failure   Level
 Apportation              Tloc           0%         N/A       14%         1
 Magic Dart               Conj           0%         1d3       14%         1
 Shock                    Conj/Air       0%         1d3       14%         1
 Sting                    Tmut/Pois      0%         1d3       14%         1
 Call Imp                 Summ           0%         N/A       21%         2
 Poisonous Vapours        Pois/Air       0%         N/A       21%         2
 Call Canine Familiar     Summ           0%         N/A       38%         3
 Ignite Poison            Fire/Tmut/Pois 0%         N/A       38%         3
 Mephitic Cloud           Conj/Pois/Air  0%         N/A       38%         3
 Stone Arrow              Conj/Erth      0%         3d7       38%         3
 Summon Guardian Golem    Hex/Summ       0%         N/A       38%         3
 Swiftness                Air            0%         N/A       38%         3
 Airstrike                Air            0%         2d(0-16)  77%         4
 Animate Armour           Summ/Erth      0%         N/A       77%         4
 Olgreb's Toxic Radiance  Pois           0%         N/A       77%         4
 Alistair's Intoxication  Tmut/Pois      0%         N/A       97%         5
 Fireball                 Conj/Fire      0%         3d3       97%         5
 Freezing Cloud           Conj/Ice/Air   0%         6-21      97%         5
 Iskenderun's Battlesphe  Conj           0%         2d6       97%         5
 Conjure Ball Lightning   Conj/Air       0%         3x3d6     100%        6
 Orb of Destruction       Conj           0%         9d5       100%        7
 Lehudib's Crystal Spear  Conj/Erth      0%         10d2      100%        8


Dungeon Overview and Level Annotations

Branches:
Dungeon (9/15)             Temple (0/1) D:6            Lair (5/5) D:9
  Snake (0/4) Lair:3
  Swamp: Lair:2-3    Shoals: Lair:2-3     Slime: Lair:4-5       Orc: D:9-12

Altars:
Cheibriados
Hepliaklqana
Qazlal
Ru
Uskayaw
Vehumet
Wu Jian

Shops:
D:8 *   D:9 *

Annotations:
Lair:5 Rupert


Innate Abilities, Weirdness & Mutations

You have sharp fingernails.
Your demonic aura often causes spilled blood to erupt in flames.
You regenerate a little health from kills.
You are completely covered in razor-sharp scales. (AC +3, Slay +3)
You occasionally lose the ability to read scrolls when taking damage.


Message History

Unknown command.
The seven-headed hydra roars!
You slash Rupert!
Rupert is lightly wounded.
Rupert is engulfed in freezing vapours.
Rupert hits you with a +3 battleaxe of venom.
You are poisoned.
Rupert is engulfed in freezing vapours.
Rupert hits you with a +3 battleaxe of venom!!
You feel protected from physical attacks.
The hell rat barely misses you. The hell rat bites you.
You slice Rupert!! You drain Rupert.
Rupert is moderately wounded.
You hit the hell rat but do no damage. You hit the hell rat.
You feel very sick.
You hear an angry hiss.
Rupert is engulfed in freezing vapours.
Rupert hits you with a +3 battleaxe of venom!!
You feel threatened and lose the ability to read scrolls!
* * * LOW HITPOINT WARNING * * *
The hell rat bites you.
* * * LOW HITPOINT WARNING * * *
The hell rat is engulfed in blazing flames.
The hell rat barely misses you.
Rupert is engulfed in freezing vapours.
Rupert hits you with a +3 battleaxe of venom!
* * * LOW HITPOINT WARNING * * *
You feel more protected from physical attacks.
You feel much better.
You feel sick.
The hell rat is engulfed in blazing flames.
The hell rat barely misses you.
The hell rat is engulfed in blazing flames.
You kill the hell rat!
Qazlal accepts your kill. You block Rupert's attack.
Unknown command.
You cannot read scrolls in your current state!
Unknown command.
You feel sick.
Rupert is engulfed in blazing flames.
Rupert hits you with a +3 battleaxe of venom!!
You die...

## ### #.### #.## ## #
####..###########..###P
.P#.#...P.#P#......#.....
.....^.........÷.........
..................P......
.......§°☼....#.#PPP..#.P
.....r°r@○#.#####PP......
......☼@†..## #PP......
.......○°.## ##.P..##..
.....°....... .....P.###.
.....D....##.....PP...#.#
........... ..........#.
....#......# ........PP.#
.#.#.#...... ............
##.##....... ...........


You could see Rupert (berserk, drained), a seven-headed hydra and 2 hell rats.

Vanquished Creatures
  A hydra (Lair:4)
  A two-headed ogre (D:8)
  The ghost of Moonkey the Thaumaturge, a journeyman DECj of Vehumet (D:9)
  A boulder beetle (Lair:3)
  3 death yaks (D:9)
  The ghost of Waabatro the Cleaver, a novice GrFi of Okawaru (Lair:1)
  A swamp dragon (Lair:4)
  Maurice (D:9)
  6 elephants (Lair:3)
  3 black mambas
  Joseph (D:9)
  9 cane toads
  A rime drake (Lair:1)
  8 komodo dragons
  A hornet (D:7)
  2 polar bears (Lair:4)
  5 blink frogs (Lair:4)
  3 wyverns
  Eustachio (D:4)
  A basilisk (Lair:5)
  Grum (D:8)
  2 vampire mosquitoes (Lair:4)
  A steam dragon (D:9)
  3 nagas (Lair:3)
  2 swamp worms (D:7)
  12 water moccasins
  Duvessa (D:6)
  2 sky beasts
  An ice beast (D:5)
  4 orc warriors
  3 black bears
  8 wolves
  A centaur (D:7)
  2 phantoms
  10 bullfrogs
  A necrophage (D:4)
  A gnoll sergeant (D:6)
  2 scorpions (D:5)
  3 wights (D:7)
  Dowan (D:6)
  6 killer bees (D:9)
  6 howler monkeys (D:7)
  2 hounds
  3 jellies
  3 orc priests
  Crazy Yiuf (D:6)
  Ijyb (D:3)
  5 iguanas
  9 orc wizards
  4 hell rats
  Robin (D:4)
  6 adders
  6 gnolls
  4 river rats (D:9)
  A shadow imp (D:7)
  2 white imps (D:7)
  2 ufetubi
  4 dart slugs
  23 orcs
  9 ball pythons
  4 bats
  4 endoplasms
  4 giant cockroaches
  14 goblins
  7 hobgoblins
  7 jackals
  6 quokkas
  A frilled lizard (D:2)
  12 kobolds
  11 rats
280 creatures vanquished.

Vanquished Creatures (others)
  17 fungi
  28 plants
45 creatures vanquished.

Grand Total: 325 creatures vanquished

Notes
Turn   | Place    | Note
-------+----------+-------------------------------------------
     0 | D:1      | Newt the Demonspawn Gladiator began the quest for the Orb.
     0 | D:1      | Reached XP level 1. HP: 16/16 MP: 1/1
    40 | D:1      | Reached skill level 1 in Stealth
   315 | D:1      | Gained mutation: You are partially covered in razor-sharp
                  | scales. (AC +1, Slay +1) [demonic ancestry]
   315 | D:1      | Reached XP level 2. HP: 22/22 MP: 2/2
   352 | D:1      | Found a faded altar of an unknown god.
   408 | D:1      | Prayed at the altar of an unknown god.
   408 | D:1      | Became a worshipper of Qazlal Stormbringer
   408 | D:1      | Reached * piety under Qazlal
   587 | D:1      | Gained mutation: Your demonic aura sometimes causes spilled
                  | blood to erupt in flames. [demonic ancestry]
   587 | D:1      | Reached XP level 3. HP: 23/28 MP: 3/3
  1251 | D:2      | Identified the +3 ring mail of the Journeyman {rElec
                  | Str+10}
  1386 | D:2      | Found a radiant altar of Vehumet.
  2121 | D:3      | Reached XP level 4. HP: 34/37 MP: 4/4
  2123 | D:3      | Reached ** piety under Qazlal
  2160 | D:3      | Reached skill level 1 in Maces & Flails
  2227 | D:3      | Found an ornate altar of the Wu Jian Council.
  2263 | D:3      | Noticed Ijyb
  2270 | D:3      | Killed Ijyb
  2271 | D:3      | Gained mutation: You are mostly covered in razor-sharp
                  | scales. (AC +2, Slay +2) [demonic ancestry]
  2271 | D:3      | Reached XP level 5. HP: 42/42 MP: 5/5
  2761 | D:4      | Noticed Robin
  2771 | D:4      | Killed Robin
  3105 | D:4      | Noticed Eustachio
  3145 | D:4      | Killed Eustachio
  3146 | D:4      | Gained mutation: You are completely covered in razor-sharp
                  | scales. (AC +3, Slay +3) [demonic ancestry]
  3146 | D:4      | Reached XP level 6. HP: 35/48 MP: 6/6
  3616 | D:4      | Reached *** piety under Qazlal
  3695 | D:4      | Learned a level 1 spell: Summon Small Mammal
  3797 | D:4      | Reached skill level 5 in Maces & Flails
  3797 | D:4      | Reached skill level 1 in Armour
  3824 | D:5      | Entered Level 5 of the Dungeon
  3873 | D:5      | Reached XP level 7. HP: 38/54 MP: 7/7
  3992 | D:5      | Reached skill level 2 in Armour
  4103 | D:5      | Reached skill level 3 in Armour
  4303 | D:5      | Reached skill level 4 in Armour
  4986 | D:6      | Gained mutation: You regenerate a little health from kills.
                  | [demonic ancestry]
  4986 | D:6      | Reached XP level 8. HP: 35/60 MP: 8/8
  5335 | D:6      | Found a hide-covered altar of Uskayaw.
  5365 | D:6      | Found a snail-covered altar of Cheibriados.
  5376 | D:6      | Found a staircase to the Ecumenical Temple.
  5420 | D:6      | Found a sacrificial altar of Ru.
  5423 | D:6      | Found a radiant altar of Vehumet.
  5585 | D:6      | Found a hazy altar of Hepliaklqana.
  5870 | D:6      | Found a runed translucent door.
  5870 | D:6      | Noticed Dowan
  5871 | D:6      | Noticed Duvessa
  5873 | D:6      | Noticed Crazy Yiuf
  5885 | D:6      | Killed Dowan
  5888 | D:6      | Killed Duvessa
  5891 | D:6      | Killed Crazy Yiuf
  5905 | D:6      | Gained mutation: You are vulnerable to cold. (rC-) [potion
                  | of mutation]
  5907 | D:6      | Lost mutation: You are vulnerable to cold. (rC-) [potion of
                  | mutation]
  5907 | D:6      | Gained mutation: You occasionally lose the ability to read
                  | scrolls when taking damage. [potion of mutation]
  6130 | D:7      | Reached skill level 5 in Dodging
  6130 | D:7      | Reached XP level 9. HP: 65/65 MP: 9/9
  6156 | D:7      | Reached skill level 5 in Fighting
  6158 | D:7      | Reached **** piety under Qazlal
  6353 | D:7      | Reached skill level 1 in Axes
  7164 | D:8      | Found Qaciam's Neck Hole.
  7268 | D:8      | Noticed a two-headed ogre
  7278 | D:8      | Killed a two-headed ogre
  7307 | D:8      | Gained mutation: You have sharp fingernails. [demonic
                  | ancestry]
  7307 | D:8      | Reached XP level 10. HP: 28/76 MP: 10/10
  7404 | D:8      | Noticed Grum
  7410 | D:8      | Killed Grum
  7810 | D:8      | You fall into a shaft and drop 1 floor!
  7868 | D:9      | Noticed Joseph
  7878 | D:9      | Killed Joseph
  8196 | D:9      | Noticed Maurice
  8206 | D:9      | Killed Maurice
  8216 | D:9      | Found Jumag's Mass Market.
  8262 | D:9      | Noticed a death yak
  8263 | D:9      | Noticed a death yak
  8265 | D:9      | Noticed a death yak
  8273 | D:9      | Killed a death yak
  8276 | D:9      | Killed a death yak
  8277 | D:9      | Reached skill level 5 in Armour
  8281 | D:9      | Killed a death yak
  8282 | D:9      | Reached skill level 6 in Armour
  8304 | D:9      | Reached skill level 7 in Armour
  8319 | D:9      | Found a staircase to the Lair.
  8550 | D:9      | Reached XP level 11. HP: 55/81 MP: 11/11
  9070 | D:9      | Found a runed translucent door.
  9071 | D:9      | Noticed Moonkey's ghost (journeyman DECj)
  9080 | D:9      | Killed Moonkey's ghost
  9081 | D:9      | Reached skill level 8 in Armour
  9137 | Lair:1   | Entered Level 1 of the Lair of Beasts
  9547 | Lair:1   | Reached skill level 9 in Armour
  9617 | Lair:1   | Found a runed translucent gate.
  9617 | Lair:1   | Found a runed translucent gate.
  9617 | Lair:1   | Found a runed translucent gate.
  9896 | Lair:1   | Reached ***** piety under Qazlal
 10155 | Lair:1   | Noticed Waabatro's ghost (novice GrFi)
 10171 | Lair:1   | Killed Waabatro's ghost
 10355 | Lair:2   | Identified the +7 spear "Koulyqe" {venom, rF++ Str+3}
 10435 | Lair:2   | Reached skill level 1 in Evocations
 10670 | Lair:2   | Reached skill level 10 in Armour
 11551 | Lair:3   | Noticed a boulder beetle
 11563 | Lair:3   | Reached skill level 5 in Evocations
 11564 | Lair:3   | Killed a boulder beetle
 11565 | Lair:3   | Gained mutation: Your demonic aura often causes spilled
                  | blood to erupt in flames. [demonic ancestry]
 11565 | Lair:3   | Reached XP level 12. HP: 34/88 MP: 12/12
 11567 | Lair:3   | Reached skill level 11 in Armour
 12069 | Lair:3   | Found a staircase to the Snake Pit.
 13270 | Lair:4   | Noticed a five-headed hydra
 13277 | Lair:4   | Killed an eight-headed hydra
 13279 | Lair:4   | Reached skill level 12 in Armour
 14449 | Lair:5   | Entered Level 5 of the Lair of Beasts
 14458 | Lair:5   | Reached skill level 13 in Armour
 15080 | Lair:5   | Noticed Rupert
 15086 | Lair:5   | Noticed a seven-headed hydra
 15088 | Lair:5   | HP: 3/88 [Rupert/+3 battleaxe of venom (15)]
 15090 | Lair:5   | Mangled by Rupert

Illustrated notes

Levels and vault maps discovered:
D:1:      nzn_arrival_crosshair, layout_basic,
          shapermc_ecumenical_altar_mp_urbaneastern
D:2:      layout_basic, basic_altar
D:3:      layout_basic, old_standard_altar, kennysheep_potato, uniq_ijyb
D:4:      layout_rooms, uniq_eustachio, uniq_robin
D:5:      layout_rooms
D:6:      layout_loops_ring, mainiacjoe_overflow_alcove_2,
          grunt_temple_overflow_open, minmay_temple_entry_arrows,
          uniq_crazy_yiuf_cottage, uniq_duvessa
D:7:      layout_basic, worms_lemuel
D:8:      layout_rooms, nicolae_shop_sticking_my_neck_out, uniq_grum
D:9:      layout_loops_ring, dpeg_lair_monsters, ebering_ghost_reflecting_pool,
          minmay_fountain_box, minmay_shop_mass, uniq_maurice, uniq_joseph
Lair:1:   layout_regular_city, ebering_ghost_rock_garden, grunt_megastairs_2,
          lemuel_fruit_tree
Lair:2:   layout_cave_pods, palyth_hydra_swamp_entry
Lair:3:   layout_regular_city, guppyfry_snake_entry_island, nzn_sisyphean_effort
Lair:4:   layout_loops_ring, pond
Lair:5:   cheibrodos_lair_end_hotspot, layout_regular_city,
          minmay_slime_entry_oklob_enclosed, small_statue_intersection,
          kennysheep_rathole, infiniplex_staircase_pool, uniq_rupert

Skill      XL: |  1  2  3  4  5  6  7  8  9 10 11 12 |
---------------+-------------------------------------+-----
Stealth        | 1 2 |  2.0
Fighting       | 4 6 |  6.0
Maces & Flails | 2 4 5 6 8 |  8.0
Armour         | 1 4 7 10 13 | 13.4
Dodging        | 5 |  5.0
Axes           | 6 8 |  8.5
Evocations     | 5 |  5.0
Short Blades   | |  2.6
Throwing       | |  1.7

Action                   |  1- 3 |  4- 6 |  7- 9 | 10-12 || total
-------------------------+-------+-------+-------+-------++-------
Melee: Rapier            |    78 |       |       |       ||    78
       Punch             |     1 |     1 |     2 |       ||     4
       Whip              |    68 |   181 |    73 |       ||   322
       Flail             |       |       |    61 |       ||    61
       Mace              |       |       |    51 |       ||    51
       Battleaxe         |       |       |    37 |   283 ||   320
Throw: Throwing net      |       |     2 |     2 |       ||     4
       Javelin           |       |       |     1 |       ||     1
 Cast: Summon Small Mamm |       |       |     4 |       ||     4
  Use: Scroll            |     4 |     5 |     2 |     7 ||    18
       Potion            |     3 |     1 |     4 |     3 ||    11
 Stab: Sleeping          |     1 |       |       |       ||     1
       Held in net/web   |       |     1 |       |       ||     1
Armor: Leather armour    |    35 |       |       |       ||    35
       Ring mail         |    53 |    93 |    98 |   122 ||   366
       Skin              |     2 |       |       |       ||     2
Dodge: Dodged            |   104 |    99 |   104 |   192 ||   499
       Repelled          |       |       |     2 |       ||     2
Block: Other             |     6 |    17 |    28 |    75 ||   126

Table legend: (Time is in decaauts)
 A = Elapsed time spent in this place.
 B = Non-inter-level travel time spent in this place.
 C = Inter-level travel time spent in this place.
 D = Time resting spent in this place.
 E = Time spent auto-exploring this place.
 F = Levels seen in this place.
 G = Mean time per level.
                   A        B        C        D        E       F      G
               +--------+--------+--------+--------+--------+-----+--------+
         Total |  15178 |  14814 |    364 |   3113 |   9806 |  14 | 1084.1 |
       Dungeon |   9188 |   8964 |    224 |   1571 |   5942 |   9 | 1020.9 |
          Lair |   5989 |   5850 |    139 |   1542 |   3864 |   5 | 1197.8 |
               +--------+--------+--------+--------+--------+-----+--------+

Top non-repeatable levels by time:
  Lair:3: 1547 daAuts
  Lair:4: 1377 daAuts
     D:6: 1375 daAuts
     D:9: 1349 daAuts
  Lair:1: 1219 daAuts
  Lair:2: 1198 daAuts
     D:1: 1132 daAuts
     D:7: 1107 daAuts
     D:4: 1085 daAuts
     D:2: 845 daAuts
     D:5: 804 daAuts
     D:3: 762 daAuts
     D:8: 726 daAuts
  Lair:5: 647 daAuts
